 Dungeon Crawl Stone Soup version 0.19-a0-1091-g463c9de (webtiles) character file.

77 HaroldButt the Firebug (level 3, 0/26 HPs)
             Began as a Demigod Fire Elementalist on Aug 7, 2016.
             Slain by an adder (1 damage)
             ... on level 2 of the Dungeon.
             The game lasted 00:06:13 (1516 turns).

HaroldButt the Firebug (Demigod Fire Elementalist)  Turns: 1516, Time: 00:06:14

Health: 0/26       AC:  4    Str: 11    XL:     3   Next: 92%
Magic:  1/8        EV: 12    Int: 21    God:
Gold:   65         SH:  0    Dex: 16    Spells: 2 memorised, 2 levels left

rFire  . . .     SeeInvis .     i - +0 dagger
rCold  . . .     Gourm    .     a - +0 robe
rNeg   . . .     Faith    .     (no shield)
rPois  .         Spirit   .     k - +1 helmet
rElec  .         Dismiss  .     (no cloak)
rCorr  .         Reflect  .     (no gloves)
SustAt +         Harm     .     (no boots)
MR     .....                    (no amulet)
Stlth  ++........               (no ring)
                                (no ring)

@: lethally poisoned (0 -> -4)
A: high mp 1, sense surroundings 1, sustain attributes
a: no special abilities


You were on level 2 of the Dungeon.
You were not hungry.

You visited 1 branch of the dungeon, and saw 2 of its levels.

You collected 65 gold pieces.

Inventory:

Hand Weapons
 i - a +0 dagger (weapon)
Missiles
 e - 113 stones (quivered)
Armour
 a - a +0 robe (worn)
 k - a +1 helmet (worn)
Scrolls
 j - a scroll of amnesia {unknown}
 l - a scroll of enchant weapon {unknown}
Potions
 d - a potion of beneficial mutation
 g - a potion of might {unknown}
 h - a potion of curing {unknown}
 m - a potion of magic {unknown}
Books
 b - a book of Flames

   Spells                             Type                      Level
   a - Flame Tongue                   Conjuration/Fire             1
   b - Throw Flame                    Conjuration/Fire             2
   c - Conjure Flame                  Conjuration/Fire             3
   d - Inner Flame                    Hexes/Fire                   3
   e - Sticky Flame                   Conjuration/Fire             4
   f - Fireball                       Conjuration/Fire             5
Comestibles
 c - a bread ration


   Skills:
 - Level 1.7 Dodging
 - Level 1.7 Stealth
 - Level 1.7 Spellcasting
 - Level 2.0 Conjurations
 + Level 4.1 Fire Magic


You had 2 spell levels left.
You knew the following spells:

 Your Spells              Type           Power        Failure   Level  Hunger
a - Flame Tongue          Conj/Fire      ##...        4%          1    #......
b - Throw Flame           Conj/Fire      ##....       8%          2    ###....


Dungeon Overview and Level Annotations

Branches:
Dungeon (2/15)


Innate Abilities, Weirdness & Mutations

You have an increased reservoir of magic. (+10% MP)
Your attributes are resistant to harm.
You passively map a small area around you.


Message History

You barely miss the adder.
The adder is heavily wounded.
You feel sick. The adder closely misses you.
You hit the adder but do no damage.
The adder is heavily wounded.
You feel sick. The adder bites you.
You miss the adder.
The adder is heavily wounded.
The adder misses you. The adder bites you.
* * * LOW HITPOINT WARNING * * *
You closely miss the adder.
The adder is heavily wounded.
The adder bites you.
* * * LOW HITPOINT WARNING * * *
It was a potion of beneficial mutation.
You feel a strange attunement to the structure of the dungeons.
You feel fantastic!
* * * LOW HITPOINT WARNING * * *
You feel sick. The adder bites you.
You die...

#. #.... , ,
#.##...#.# $.###
* *
..+...#..#+#....#
#
#.#...##........
* *
.#.#.###.#...#
.......,,
......<..†...#
.....# * ,
.#..##.###...#
#.... , .. ...#
#(..# #S.# * *
..##.# #.### #@.#
* ,, , , #. #.#
#...###..#.#, * #
#.# #...'......#
, #.#
#...###..### , ,
, #.# #..## #..#
* , #... #.># * ,
* ...... .... , ,
####..###.###* ,
* #..# #.# * ,


You could see an adder.

Vanquished Creatures
  Robin (D:2)
  3 gnolls
  2 giant geckos (D:1)
  A giant cockroach (D:2)
  5 goblins
  3 hobgoblins
  3 jackals (D:1)
  4 kobolds (D:1)
  8 bats
  A giant newt (D:1)
  6 rats
37 creatures vanquished.

Notes
Turn   | Place    | Note
-------+----------+-------------------------------------------
     0 | D:1      | HaroldButt the Demigod Fire Elementalist began the quest for the Orb.
     0 | D:1      | Reached XP level 1. HP: 14/14 MP: 5/5
    19 | D:1      | Reached skill level 1 in Conjurations
   162 | D:1      | Reached skill level 3 in Fire Magic
   167 | D:1      | Reached XP level 2. HP: 20/20 MP: 4/7
   171 | D:1      | Learned a level 2 spell: Throw Flame
   549 | D:1      | Reached XP level 3. HP: 23/26 MP: 3/8
   683 | D:2      | Noticed Robin
   685 | D:2      | Killed Robin
  1212 | D:2      | Reached skill level 4 in Fire Magic
  1516 | D:2      | Gained mutation: You passively map a small area around you. [potion of beneficial mutation]
  1516 | D:2      | HP: 1/26 [poisoned by an adder]
  1516 | D:2      | Slain by an adder

Vault maps used:
D:1:      dpeg_arrival_long_road
D:2:      kennysheep_flooded_box, uniq_natasha, uniq_robin

Skill      XL: |  1  2  3 |
---------------+----------+-----
Conjurations   | 1 2 |  2.0
Fire Magic     | 3 4 |  4.1
Dodging        | |  1.7
Stealth        | |  1.7
Spellcasting   | |  1.7

Action                   || total
-------------------------++-------
Melee: Dagger            ||    30
Throw: Stone             ||     1
 Cast: Flame Tongue      ||    59
       Throw Flame       ||    12
  Use: Potion            ||     1
 Stab: Distracted        ||     1
  Eat: Bread ration      ||     1
       Chunk             ||     1
Armor: Robe              ||    30
Dodge: Dodged            ||    60
